Workbook
Name Banque: Paramètres!$A:$A
Name Banques: Paramètres!#REF!
Name Date_: Factures!$K:$K
Name Etat: Factures!$L:$L
Name Factures: Factures!$1:$1048576
Name ListeFrn: Paramètres!$B:$B
Name Mode: Paramètres!$C:$C
Name Montant: Factures!$E:$E
Name TVA: #REF!
Name TypeRgmt: #REF!

Sheet Factures
A1: N° Facture | B1: Pièce N° | C1: Date Facture | D1: Nom | E1: Montant HT | F1: TVA 2,1% | G1: TVA 5,5% | H1: TVA 10% | I1: TVA 20% | J1: Montant TTC | K1: Date Échéance | L1: Etat de la facture | M1: Date de Règlement | N1: Délai de paiement | O1: Mode de Règlement | P1: Sur Banque | Q1: Observation(s)
A2: 1910837 | B2: 201911100 | C2: 43798 | D2: Thommen Medical (JMD) - 2942 | E2: 319.44 | J2: =IF(ISNUMBER(E2),E2+F2+G2+H2+I2," ") -> 319.44 | K2: 43828 | L2: =IF(ISBLANK(C2)," ",IF(ISNUMBER(M2),"Réglé",IF(K2<TODAY(),"Retard",IF(K2=TODAY()," A régler","en attente")))) -> A régler | N2: =IF(ISBLANK(M2),TODAY()-K2,0) -> 0 | O2: Prélèvement | P2: (BQ1) Banque Populaire Selarl
A3: 1664996 | B3: 201911132 | C3: 43798 | D3: Henry Schein France (53178) | E3: 378.33 | J3: =IF(ISNUMBER(E3),E3+F3+G3+H3+I3," ") -> 378.33 | K3: 43828 | L3: =IF(ISBLANK(C3)," ",IF(ISNUMBER(M3),"Réglé",IF(K3<TODAY(),"Retard",IF(K3=TODAY()," A régler","en attente")))) -> A régler | N3: =IF(ISBLANK(M3),TODAY()-K3,0) -> 0
A4: 1665958 | B4: 201911130 | C4: 43798 | D4: Henry Schein France (53178) | E4: 71.49 | J4: =IF(ISNUMBER(E4),E4+F4+G4+H4+I4," ") -> 71.49 | K4: 43828 | L4: =IF(ISBLANK(C4)," ",IF(ISNUMBER(M4),"Réglé",IF(K4<TODAY(),"Retard",IF(K4=TODAY()," A régler","en attente")))) -> A régler | N4: =IF(ISBLANK(M4),TODAY()-K4,0) -> 0
A5: 2200292711 | B5: 20191255 | C5: 43818 | D5: Promodentaire (701 181 41) | E5: 125.59 | J5: =IF(ISNUMBER(E5),E5+F5+G5+H5+I5," ") -> 125.59 | K5: 43828 | L5: =IF(ISBLANK(C5)," ",IF(ISNUMBER(M5),"Réglé",IF(K5<TODAY(),"Retard",IF(K5=TODAY()," A régler","en attente")))) -> A régler | N5: =IF(ISBLANK(M5),TODAY()-K5,0) -> 0
A6: 1910868 | B6: 20191207 | C6: 43801 | D6: Thommen Medical (JMD) - 2942 | E6: 597.76 | J6: =IF(ISNUMBER(E6),E6+F6+G6+H6+I6," ") -> 597.76 | K6: 43831 | L6: =IF(ISBLANK(C6)," ",IF(ISNUMBER(M6),"Réglé",IF(K6<TODAY(),"Retard",IF(K6=TODAY()," A régler","en attente")))) -> en attente | N6: =IF(ISBLANK(M6),TODAY()-K6,0) -> -3 | O6: Prélèvement | P6: (BQ1) Banque Populaire Selarl
A7: 1910879 | B7: 20191206 | C7: 43801 | D7: Thommen Medical (SL) - 3613 | E7: 132.48 | J7: =IF(ISNUMBER(E7),E7+F7+G7+H7+I7," ") -> 132.48 | K7: 43831 | L7: =IF(ISBLANK(C7)," ",IF(ISNUMBER(M7),"Réglé",IF(K7<TODAY(),"Retard",IF(K7=TODAY()," A régler","en attente")))) -> en attente | N7: =IF(ISBLANK(M7),TODAY()-K7,0) -> -3 | O7: Prélèvement | P7: (BQ1) Banque Populaire Selarl
A8: 1910878 | B8: 20191205 | C8: 43801 | D8: Thommen Medical (HDB) - 3616 | E8: 132.48 | J8: =IF(ISNUMBER(E8),E8+F8+G8+H8+I8," ") -> 132.48 | K8: 43831 | L8: =IF(ISBLANK(C8)," ",IF(ISNUMBER(M8),"Réglé",IF(K8<TODAY(),"Retard",IF(K8=TODAY()," A régler","en attente")))) -> en attente | N8: =IF(ISBLANK(M8),TODAY()-K8,0) -> -3 | O8: Prélèvement | P8: (BQ1) Banque Populaire Selarl
A9: 1910917 | B9: 20191203 | C9: 43802 | D9: Thommen Medical (JMD) - 2942 | E9: 3230.79 | J9: =IF(ISNUMBER(E9),E9+F9+G9+H9+I9," ") -> 3230.79 | K9: 43832 | L9: =IF(ISBLANK(C9)," ",IF(ISNUMBER(M9),"Réglé",IF(K9<TODAY(),"Retard",IF(K9=TODAY()," A régler","en attente")))) -> en attente | N9: =IF(ISBLANK(M9),TODAY()-K9,0) -> -4 | O9: Prélèvement | P9: (BQ1) Banque Populaire Selarl
A10: 1671379 | B10: 20191218 | C10: 43802 | D10: Henry Schein France (53178) | E10: 428.19 | J10: =IF(ISNUMBER(E10),E10+F10+G10+H10+I10," ") -> 428.19 | K10: 43832 | L10: =IF(ISBLANK(C10)," ",IF(ISNUMBER(M10),"Réglé",IF(K10<TODAY(),"Retard",IF(K10=TODAY()," A régler","en attente")))) -> en attente | N10: =IF(ISBLANK(M10),TODAY()-K10,0) -> -4
A11: 1910992 | B11: 20191212 | C11: 43803 | D11: Thommen Medical (SP) - 3615 | E11: 132.48 | J11: =IF(ISNUMBER(E11),E11+F11+G11+H11+I11," ") -> 132.48 | K11: 43833 | L11: =IF(ISBLANK(C11)," ",IF(ISNUMBER(M11),"Réglé",IF(K11<TODAY(),"Retard",IF(K11=TODAY()," A régler","en attente")))) -> en attente | N11: =IF(ISBLANK(M11),TODAY()-K11,0) -> -5 | O11: Prélèvement | P11: (BQ1) Banque Populaire Selarl
A12: 1910988 | B12: 20191211 | C12: 43803 | D12: Thommen Medical (AMS) - 3614 | E12: 230.77 | J12: =IF(ISNUMBER(E12),E12+F12+G12+H12+I12," ") -> 230.77 | K12: 43833 | L12: =IF(ISBLANK(C12)," ",IF(ISNUMBER(M12),"Réglé",IF(K12<TODAY(),"Retard",IF(K12=TODAY()," A régler","en attente")))) -> en attente | N12: =IF(ISBLANK(M12),TODAY()-K12,0) -> -5 | O12: Prélèvement | P12: (BQ1) Banque Populaire Selarl
A13: 1910974 | B13: 20191210 | C13: 43803 | D13: Thommen Medical (JMD) - 2942 | E13: 66.24 | J13: =IF(ISNUMBER(E13),E13+F13+G13+H13+I13," ") -> 66.24 | K13: 43833 | L13: =IF(ISBLANK(C13)," ",IF(ISNUMBER(M13),"Réglé",IF(K13<TODAY(),"Retard",IF(K13=TODAY()," A régler","en attente")))) -> en attente | N13: =IF(ISBLANK(M13),TODAY()-K13,0) -> -5 | O13: Prélèvement | P13: (BQ1) Banque Populaire Selarl
A14: 1910995 | B14: 20191209 | C14: 43803 | D14: Thommen Medical (SL) - 3613 | E14: 66.24 | J14: =IF(ISNUMBER(E14),E14+F14+G14+H14+I14," ") -> 66.24 | K14: 43833 | L14: =IF(ISBLANK(C14)," ",IF(ISNUMBER(M14),"Réglé",IF(K14<TODAY(),"Retard",IF(K14=TODAY()," A régler","en attente")))) -> en attente | N14: =IF(ISBLANK(M14),TODAY()-K14,0) -> -5 | O14: Prélèvement | P14: (BQ1) Banque Populaire Selarl
A15: 1911072 | B15: 20191208 | C15: 43804 | D15: Thommen Medical (JMD) - 2942 | E15: 66.24 | J15: =IF(ISNUMBER(E15),E15+F15+G15+H15+I15," ") -> 66.24 | K15: 43834 | L15: =IF(ISBLANK(C15)," ",IF(ISNUMBER(M15),"Réglé",IF(K15<TODAY(),"Retard",IF(K15=TODAY()," A régler","en attente")))) -> en attente | N15: =IF(ISBLANK(M15),TODAY()-K15,0) -> -6 | O15: Prélèvement | P15: (BQ1) Banque Populaire Selarl
A16: 1911127 | B16: 20191217 | C16: 43805 | D16: Thommen Medical (STOCK) - 3611 | E16: 211.2 | J16: =IF(ISNUMBER(E16),E16+F16+G16+H16+I16," ") -> 211.2 | K16: 43835 | L16: =IF(ISBLANK(C16)," ",IF(ISNUMBER(M16),"Réglé",IF(K16<TODAY(),"Retard",IF(K16=TODAY()," A régler","en attente")))) -> en attente | N16: =IF(ISBLANK(M16),TODAY()-K16,0) -> -7 | O16: Prélevement | P16: (BQ1) Banque Populaire Selarl
A17: 1911112 | B17: 20191216 | C17: 43805 | D17: Thommen Medical (JMD) - 2942 | E17: 760.62 | J17: =IF(ISNUMBER(E17),E17+F17+G17+H17+I17," ") -> 760.62 | K17: 43835 | L17: =IF(ISBLANK(C17)," ",IF(ISNUMBER(M17),"Réglé",IF(K17<TODAY(),"Retard",IF(K17=TODAY()," A régler","en attente")))) -> en attente | N17: =IF(ISBLANK(M17),TODAY()-K17,0) -> -7 | O17: Prélèvement | P17: (BQ1) Banque Populaire Selarl
A18: 1911177 | B18: 20191226 | C18: 43808 | D18: Thommen Medical (AMS) - 3614 | E18: 264.96 | J18: =IF(ISNUMBER(E18),E18+F18+G18+H18+I18," ") -> 264.96 | K18: 43838 | L18: =IF(ISBLANK(C18)," ",IF(ISNUMBER(M18),"Réglé",IF(K18<TODAY(),"Retard",IF(K18=TODAY()," A régler","en attente")))) -> en attente | N18: =IF(ISBLANK(M18),TODAY()-K18,0) -> -10 | O18: Prélèvement | P18: (BQ1) Banque Populaire Selarl
A19: FA1802272 | B19: 20191223 | C19: 43809 | D19: Cafés Tchanqué | E19: 89.49 | J19: =IF(ISNUMBER(E19),E19+F19+G19+H19+I19," ") -> 89.49 | K19: 43839 | L19: =IF(ISBLANK(C19)," ",IF(ISNUMBER(M19),"Réglé",IF(K19<TODAY(),"Retard",IF(K19=TODAY()," A régler","en attente")))) -> en attente | N19: =IF(ISBLANK(M19),TODAY()-K19,0) -> -11
A20: 1911230 | B20: 20191224 | C20: 43809 | D20: Thommen Medical (AMS) - 3614 | E20: 198.72 | J20: =IF(ISNUMBER(E20),E20+F20+G20+H20+I20," ") -> 198.72 | K20: 43839 | L20: =IF(ISBLANK(C20)," ",IF(ISNUMBER(M20),"Réglé",IF(K20<TODAY(),"Retard",IF(K20=TODAY()," A régler","en attente")))) -> en attente | N20: =IF(ISBLANK(M20),TODAY()-K20,0) -> -11 | O20: Prélèvement | P20: (BQ1) Banque Populaire Selarl
A21: 1911203 | B21: 20191225 | C21: 43809 | D21: Thommen Medical (AMS) - 3614 | E21: 2076.93 | J21: =IF(ISNUMBER(E21),E21+F21+G21+H21+I21," ") -> 2076.93 | K21: 43839 | L21: =IF(ISBLANK(C21)," ",IF(ISNUMBER(M21),"Réglé",IF(K21<TODAY(),"Retard",IF(K21=TODAY()," A régler","en attente")))) -> en attente | N21: =IF(ISBLANK(M21),TODAY()-K21,0) -> -11 | O21: Prélèvement | P21: (BQ1) Banque Populaire Selarl
A22: FAC19455 | B22: 20191232 | C22: 43809 | D22: Hygisud Médical (DRU330) | E22: 522.9 | J22: =IF(ISNUMBER(E22),E22+F22+G22+H22+I22," ") -> 522.9 | K22: 43839 | L22: =IF(ISBLANK(C22)," ",IF(ISNUMBER(M22),"Réglé",IF(K22<TODAY(),"Retard",IF(K22=TODAY()," A régler","en attente")))) -> en attente | N22: =IF(ISBLANK(M22),TODAY()-K22,0) -> -11
A23: 2011135064 | B23: 20191268 | C23: 43809 | D23: Nobel Biocare (716732) | E23: 38.17 | J23: =IF(ISNUMBER(E23),E23+F23+G23+H23+I23," ") -> 38.17 | K23: 43839 | L23: =IF(ISBLANK(C23)," ",IF(ISNUMBER(M23),"Réglé",IF(K23<TODAY(),"Retard",IF(K23=TODAY()," A régler","en attente")))) -> en attente | N23: =IF(ISBLANK(M23),TODAY()-K23,0) -> -11
A24: 1911296 | B24: 20191243 | C24: 43810 | D24: Thommen Medical (SL) - 3613 | E24: 1615.39 | J24: =IF(ISNUMBER(E24),E24+F24+G24+H24+I24," ") -> 1615.39 | K24: 43840 | L24: =IF(ISBLANK(C24)," ",IF(ISNUMBER(M24),"Réglé",IF(K24<TODAY(),"Retard",IF(K24=TODAY()," A régler","en attente")))) -> en attente | N24: =IF(ISBLANK(M24),TODAY()-K24,0) -> -12 | O24: Prélèvement | P24: (BQ1) Banque Populaire Selarl
A25: 1911261 | B25: 20191242 | C25: 43810 | D25: Thommen Medical (JMD) - 2942 | E25: 230.77 | J25: =IF(ISNUMBER(E25),E25+F25+G25+H25+I25," ") -> 230.77 | K25: 43840 | L25: =IF(ISBLANK(C25)," ",IF(ISNUMBER(M25),"Réglé",IF(K25<TODAY(),"Retard",IF(K25=TODAY()," A régler","en attente")))) -> en attente | N25: =IF(ISBLANK(M25),TODAY()-K25,0) -> -12 | O25: Prélèvement | P25: (BQ1) Banque Populaire Selarl
A26: 1911248 | B26: 20191241 | C26: 43810 | D26: Thommen Medical (AMS) - 3614 | E26: -1121.73 | J26: =IF(ISNUMBER(E26),E26+F26+G26+H26+I26," ") -> -1121.73 | K26: 43840 | L26: =IF(ISBLANK(C26)," ",IF(ISNUMBER(M26),"Réglé",IF(K26<TODAY(),"Retard",IF(K26=TODAY()," A régler","en attente")))) -> en attente | N26: =IF(ISBLANK(M26),TODAY()-K26,0) -> -12 | O26: Avoir | P26: Avoir
A27: 1682451 | B27: 20191266 | C27: 43810 | D27: Henry Schein France (53178) | E27: 417.37 | J27: =IF(ISNUMBER(E27),E27+F27+G27+H27+I27," ") -> 417.37 | K27: 43840 | L27: =IF(ISBLANK(C27)," ",IF(ISNUMBER(M27),"Réglé",IF(K27<TODAY(),"Retard",IF(K27=TODAY()," A régler","en attente")))) -> en attente | N27: =IF(ISBLANK(M27),TODAY()-K27,0) -> -12
A28: 19114029654 | B28: 201911145 | C28: 43796 | D28: Proserve Dasri (G211U12834) | E28: 102.02 | J28: =IF(ISNUMBER(E28),E28+F28+G28+H28+I28," ") -> 102.02 | K28: 43841 | L28: =IF(ISBLANK(C28)," ",IF(ISNUMBER(M28),"Réglé",IF(K28<TODAY(),"Retard",IF(K28=TODAY()," A régler","en attente")))) -> en attente | N28: =IF(ISBLANK(M28),TODAY()-K28,0) -> -13
A29: 1911383 | B29: 20191245 | C29: 43812 | D29: Thommen Medical (JMD) - 2942 | E29: 2026.08 | J29: =IF(ISNUMBER(E29),E29+F29+G29+H29+I29," ") -> 2026.08 | K29: 43842 | L29: =IF(ISBLANK(C29)," ",IF(ISNUMBER(M29),"Réglé",IF(K29<TODAY(),"Retard",IF(K29=TODAY()," A régler","en attente")))) -> en attente | N29: =IF(ISBLANK(M29),TODAY()-K29,0) -> -14 | O29: Prélèvement | P29: (BQ1) Banque Populaire Selarl
A30: 1911378 | B30: 20191246 | C30: 43812 | D30: Thommen Medical (AMS) - 3614 | E30: 132.48 | J30: =IF(ISNUMBER(E30),E30+F30+G30+H30+I30," ") -> 132.48 | K30: 43842 | L30: =IF(ISBLANK(C30)," ",IF(ISNUMBER(M30),"Réglé",IF(K30<TODAY(),"Retard",IF(K30=TODAY()," A régler","en attente")))) -> en attente | N30: =IF(ISBLANK(M30),TODAY()-K30,0) -> -14 | O30: Prélèvement | P30: (BQ1) Banque Populaire Selarl
A31: 1911437 | B31: 20191247 | C31: 43815 | D31: Thommen Medical (AMS) - 3614 | E31: 527.78 | J31: =IF(ISNUMBER(E31),E31+F31+G31+H31+I31," ") -> 527.78 | K31: 43845 | L31: =IF(ISBLANK(C31)," ",IF(ISNUMBER(M31),"Réglé",IF(K31<TODAY(),"Retard",IF(K31=TODAY()," A régler","en attente")))) -> en attente | N31: =IF(ISBLANK(M31),TODAY()-K31,0) -> -17 | O31: Prélèvement | P31: (BQ1) Banque Populaire Selarl
A32: FAC19463 | B32: 20191267 | C32: 43815 | D32: Hygisud Médical (DRU330) | E32: 522.9 | J32: =IF(ISNUMBER(E32),E32+F32+G32+H32+I32," ") -> 522.9 | K32: 43845 | L32: =IF(ISBLANK(C32)," ",IF(ISNUMBER(M32),"Réglé",IF(K32<TODAY(),"Retard",IF(K32=TODAY()," A régler","en attente")))) -> en attente | N32: =IF(ISBLANK(M32),TODAY()-K32,0) -> -17
A33: 1911483 | B33: 20191250 | C33: 43816 | D33: Thommen Medical (JMD) - 2942 | E33: 923.08 | J33: =IF(ISNUMBER(E33),E33+F33+G33+H33+I33," ") -> 923.08 | K33: 43846 | L33: =IF(ISBLANK(C33)," ",IF(ISNUMBER(M33),"Réglé",IF(K33<TODAY(),"Retard",IF(K33=TODAY()," A régler","en attente")))) -> en attente | N33: =IF(ISBLANK(M33),TODAY()-K33,0) -> -18 | O33: Prélèvement | P33: (BQ1) Banque Populaire Selarl
A34: 1911466 | B34: 20191248 | C34: 43816 | D34: Thommen Medical (JMD) - 2942 | E34: 500.47 | J34: =IF(ISNUMBER(E34),E34+F34+G34+H34+I34," ") -> 500.47 | K34: 43846 | L34: =IF(ISBLANK(C34)," ",IF(ISNUMBER(M34),"Réglé",IF(K34<TODAY(),"Retard",IF(K34=TODAY()," A régler","en attente")))) -> en attente | N34: =IF(ISBLANK(M34),TODAY()-K34,0) -> -18 | O34: Prélèvement | P34: (BQ1) Banque Populaire Selarl
A35: 1911482 | B35: 20191249 | C35: 43816 | D35: Thommen Medical (SL) - 3613 | E35: 923.08 | J35: =IF(ISNUMBER(E35),E35+F35+G35+H35+I35," ") -> 923.08 | K35: 43846 | L35: =IF(ISBLANK(C35)," ",IF(ISNUMBER(M35),"Réglé",IF(K35<TODAY(),"Retard",IF(K35=TODAY()," A régler","en attente")))) -> en attente | N35: =IF(ISBLANK(M35),TODAY()-K35,0) -> -18 | O35: Prélèvement | P35: (BQ1) Banque Populaire Selarl
A36: 1911505 | B36: 20191252 | C36: 43817 | D36: Thommen Medical (AMS) - 3614 | E36: 331.2 | J36: =IF(ISNUMBER(E36),E36+F36+G36+H36+I36," ") -> 331.2 | K36: 43847 | L36: =IF(ISBLANK(C36)," ",IF(ISNUMBER(M36),"Réglé",IF(K36<TODAY(),"Retard",IF(K36=TODAY()," A régler","en attente")))) -> en attente | N36: =IF(ISBLANK(M36),TODAY()-K36,0) -> -19 | O36: Prélèvement | P36: (BQ1) Banque Populaire Selarl
A37: 1911525 | B37: 20191251 | C37: 43817 | D37: Thommen Medical (JMD) - 2942 | E37: 2436.78 | J37: =IF(ISNUMBER(E37),E37+F37+G37+H37+I37," ") -> 2436.78 | K37: 43847 | L37: =IF(ISBLANK(C37)," ",IF(ISNUMBER(M37),"Réglé",IF(K37<TODAY(),"Retard",IF(K37=TODAY()," A régler","en attente")))) -> en attente | N37: =IF(ISBLANK(M37),TODAY()-K37,0) -> -19 | O37: Prélèvement | P37: (BQ1) Banque Populaire Selarl
A38: 1911556 | B38: 20191273 | C38: 43818 | D38: Thommen Medical (JMD) - 2942 | E38: 230.77 | J38: =IF(ISNUMBER(E38),E38+F38+G38+H38+I38," ") -> 230.77 | K38: 43848 | L38: =IF(ISBLANK(C38)," ",IF(ISNUMBER(M38),"Réglé",IF(K38<TODAY(),"Retard",IF(K38=TODAY()," A régler","en attente")))) -> en attente | N38: =IF(ISBLANK(M38),TODAY()-K38,0) -> -20 | O38: Prélèvement | P38: (BQ1) Banque Populaire Selarl
A39: 1911544 | B39: 20191272 | C39: 43818 | D39: Thommen Medical (STOCK) - 3611 | E39: 134.4 | J39: =IF(ISNUMBER(E39),E39+F39+G39+H39+I39," ") -> 134.4 | K39: 43848 | L39: =IF(ISBLANK(C39)," ",IF(ISNUMBER(M39),"Réglé",IF(K39<TODAY(),"Retard",IF(K39=TODAY()," A régler","en attente")))) -> en attente | N39: =IF(ISBLANK(M39),TODAY()-K39,0) -> -20 | O39: Prélèvement | P39: (BQ1) Banque Populaire Selarl
A40: 1911539 | B40: 20191271 | C40: 43818 | D40: Thommen Medical (AMS) - 3614 | E40: 1615.39 | J40: =IF(ISNUMBER(E40),E40+F40+G40+H40+I40," ") -> 1615.39 | K40: 43848 | L40: =IF(ISBLANK(C40)," ",IF(ISNUMBER(M40),"Réglé",IF(K40<TODAY(),"Retard",IF(K40=TODAY()," A régler","en attente")))) -> en attente | N40: =IF(ISBLANK(M40),TODAY()-K40,0) -> -20 | O40: Prélèvement | P40: (BQ1) Banque Populaire Selarl
A41: FAC19469 | B41: 20191256 | C41: 43818 | D41: Hygisud Médical (DRU330) | E41: 522.9 | J41: =IF(ISNUMBER(E41),E41+F41+G41+H41+I41," ") -> 522.9 | K41: 43848 | L41: =IF(ISBLANK(C41)," ",IF(ISNUMBER(M41),"Réglé",IF(K41<TODAY(),"Retard",IF(K41=TODAY()," A régler","en attente")))) -> en attente | N41: =IF(ISBLANK(M41),TODAY()-K41,0) -> -20
A42: 1911588 | B42: 20191275 | C42: 43819 | D42: Thommen Medical (SL) - 3613 | E42: 198.72 | J42: =IF(ISNUMBER(E42),E42+F42+G42+H42+I42," ") -> 198.72 | K42: 43849 | L42: =IF(ISBLANK(C42)," ",IF(ISNUMBER(M42),"Réglé",IF(K42<TODAY(),"Retard",IF(K42=TODAY()," A régler","en attente")))) -> en attente | N42: =IF(ISBLANK(M42),TODAY()-K42,0) -> -21 | O42: Prélèvement | P42: (BQ1) Banque Populaire Selarl
A43: 1911581 | B43: 20191274 | C43: 43819 | D43: Thommen Medical (AMS) - 3614 | E43: 171.81 | J43: =IF(ISNUMBER(E43),E43+F43+G43+H43+I43," ") -> 171.81 | K43: 43849 | L43: =IF(ISBLANK(C43)," ",IF(ISNUMBER(M43),"Réglé",IF(K43<TODAY(),"Retard",IF(K43=TODAY()," A régler","en attente")))) -> en attente | N43: =IF(ISBLANK(M43),TODAY()-K43,0) -> -21 | O43: Prélèvement | P43: (BQ1) Banque Populaire Selarl
A44: CF0016012 | B44: 20191234 | C44: 43804 | D44: La Compagnie Fiduciaire | E44: 3150 | J44: =IF(ISNUMBER(E44),E44+F44+G44+H44+I44," ") -> 3150 | K44: 43855 | L44: =IF(ISBLANK(C44)," ",IF(ISNUMBER(M44),"Réglé",IF(K44<TODAY(),"Retard",IF(K44=TODAY()," A régler","en attente")))) -> en attente | N44: =IF(ISBLANK(M44),TODAY()-K44,0) -> -27 | Q44: 4 Prélèvements de 787,50€ (Du 25/01 au 25/04/2020 sur CA SGT)
A45: 2019-218 | B45: 20191185 | C45: 43770 | D45: XLR Parachutisme | E45: 1000 | J45: =IF(ISNUMBER(E45),E45+F45+G45+H45+I45," ") -> 1000 | K45: 43858 | L45: =IF(ISBLANK(C45)," ",IF(ISNUMBER(M45),"Réglé",IF(K45<TODAY(),"Retard",IF(K45=TODAY()," A régler","en attente")))) -> en attente | N45: =IF(ISBLANK(M45),TODAY()-K45,0) -> -30 | O45: Prélevement | P45: (BQ5) Crédit Agricole La Teste
A46: 2019-218 | B46: 20191185 | C46: 43770 | D46: XLR Parachutisme | E46: 1000 | J46: =IF(ISNUMBER(E46),E46+F46+G46+H46+I46," ") -> 1000 | K46: 43889 | L46: =IF(ISBLANK(C46)," ",IF(ISNUMBER(M46),"Réglé",IF(K46<TODAY(),"Retard",IF(K46=TODAY()," A régler","en attente")))) -> en attente | N46: =IF(ISBLANK(M46),TODAY()-K46,0) -> -61 | O46: Prélevement | P46: (BQ5) Crédit Agricole La Teste
A47: 2019-218 | B47: 20191185 | C47: 43770 | D47: XLR Parachutisme | E47: 1000 | J47: =IF(ISNUMBER(E47),E47+F47+G47+H47+I47," ") -> 1000 | K47: 43918 | L47: =IF(ISBLANK(C47)," ",IF(ISNUMBER(M47),"Réglé",IF(K47<TODAY(),"Retard",IF(K47=TODAY()," A régler","en attente")))) -> en attente | N47: =IF(ISBLANK(M47),TODAY()-K47,0) -> -90 | O47: Prélevement | P47: (BQ5) Crédit Agricole La Teste
A48: 1911599 | B48: 20191278 | C48: 43822 | D48: Thommen Medical (SL) - 3613 | E48: 1028.68 | J48: =IF(ISNUMBER(E48),E48+F48+G48+H48+I48," ") -> 1028.68 | K48: 43852 | L48: =IF(ISBLANK(C48)," ",IF(ISNUMBER(M48),"Réglé",IF(K48<TODAY(),"Retard",IF(K48=TODAY()," A régler","en attente")))) -> en attente | N48: =IF(ISBLANK(M48),TODAY()-K48,0) -> -24 | O48: Prélèvement | P48: (BQ1) Banque Populaire Selarl
A49: 43800 | B49: 20191288 | C49: 43830 | D49: JAUREGUI Michel (JMD) | E49: 5088.96 | J49: =IF(ISNUMBER(E49),E49+F49+G49+H49+I49," ") -> 5088.96 | K49: 43861 | L49: =IF(ISBLANK(C49)," ",IF(ISNUMBER(M49),"Réglé",IF(K49<TODAY(),"Retard",IF(K49=TODAY()," A régler","en attente")))) -> en attente | N49: =IF(ISBLANK(M49),TODAY()-K49,0) -> -33
A50: 43800 | B50: 20191287 | C50: 43830 | D50: JAUREGUI Michel (SP) | E50: 2466.47 | J50: =IF(ISNUMBER(E50),E50+F50+G50+H50+I50," ") -> 2466.47 | K50: 43861 | L50: =IF(ISBLANK(C50)," ",IF(ISNUMBER(M50),"Réglé",IF(K50<TODAY(),"Retard",IF(K50=TODAY()," A régler","en attente")))) -> en attente | N50: =IF(ISBLANK(M50),TODAY()-K50,0) -> -33
A51: 43800 | B51: 20191286 | C51: 43830 | D51: JAUREGUI Michel (SL) | E51: 3454.9 | J51: =IF(ISNUMBER(E51),E51+F51+G51+H51+I51," ") -> 3454.9 | K51: 43861 | L51: =IF(ISBLANK(C51)," ",IF(ISNUMBER(M51),"Réglé",IF(K51<TODAY(),"Retard",IF(K51=TODAY()," A régler","en attente")))) -> en attente | N51: =IF(ISBLANK(M51),TODAY()-K51,0) -> -33
A52: 43800 | B52: 20191285 | C52: 43830 | D52: JAUREGUI Michel (AMS) | E52: 4023.81 | J52: =IF(ISNUMBER(E52),E52+F52+G52+H52+I52," ") -> 4023.81 | K52: 43861 | L52: =IF(ISBLANK(C52)," ",IF(ISNUMBER(M52),"Réglé",IF(K52<TODAY(),"Retard",IF(K52=TODAY()," A régler","en attente")))) -> en attente | N52: =IF(ISBLANK(M52),TODAY()-K52,0) -> -33
A53: 43800 | B53: 20191284 | C53: 43830 | D53: JAUREGUI Michel (HDB) | E53: 3044.61 | J53: =IF(ISNUMBER(E53),E53+F53+G53+H53+I53," ") -> 3044.61 | K53: 43861 | L53: =IF(ISBLANK(C53)," ",IF(ISNUMBER(M53),"Réglé",IF(K53<TODAY(),"Retard",IF(K53=TODAY()," A régler","en attente")))) -> en attente | N53: =IF(ISBLANK(M53),TODAY()-K53,0) -> -33
A54: 2200293331 | B54: 20191283 | C54: 43822 | D54: Promodentaire (701 181 41) | E54: 418.2 | J54: =IF(ISNUMBER(E54),E54+F54+G54+H54+I54," ") -> 418.2 | K54: 43832 | L54: =IF(ISBLANK(C54)," ",IF(ISNUMBER(M54),"Réglé",IF(K54<TODAY(),"Retard",IF(K54=TODAY()," A régler","en attente")))) -> en attente | N54: =IF(ISBLANK(M54),TODAY()-K54,0) -> -4
A55: 1908557 | B55: 1908557 | C55: 43733 | D55: Thommen Medical (AMS) - 3615 | E55: 461.54 | J55: =IF(ISNUMBER(E55),E55+F55+G55+H55+I55," ") -> 461.54 | K55: 43740 | L55: =IF(ISBLANK(C55)," ",IF(ISNUMBER(M55),"Réglé",IF(K55<TODAY(),"Retard",IF(K55=TODAY()," A régler","en attente")))) -> Réglé | M55: 43794 | N55: =IF(ISBLANK(M55),TODAY()-K55,0) -> 0 | O55: Prélèvement | P55: (BQ1) Banque Populaire Selarl
A56: 120386 | B56: 201910144 | C56: 43741 | D56: AlphaBio Tec | E56: 1053.41 | J56: =IF(ISNUMBER(E56),E56+F56+G56+H56+I56," ") -> 1053.41 | K56: 43741 | L56: =IF(ISBLANK(C56)," ",IF(ISNUMBER(M56),"Réglé",IF(K56<TODAY(),"Retard",IF(K56=TODAY()," A régler","en attente")))) -> Réglé | M56: 43805 | N56: =IF(ISBLANK(M56),TODAY()-K56,0) -> 0 | O56: Virement | P56: (BQ5) Crédit Agricole La Teste | Q56: Avoir de 742,47€ déuit (2091199° + Virement CA TOP3 de 310,94€)
A57: 1908439 | B57: 1908439 | C57: 43731 | D57: Thommen Medical (JMD) - 2942 | E57: 230.77 | J57: =IF(ISNUMBER(E57),E57+F57+G57+H57+I57," ") -> 230.77 | K57: 43761 | L57: =IF(ISBLANK(C57)," ",IF(ISNUMBER(M57),"Réglé",IF(K57<TODAY(),"Retard",IF(K57=TODAY()," A régler","en attente")))) -> Réglé | M57: 43794 | N57: =IF(ISBLANK(M57),TODAY()-K57,0) -> 0 | O57: Prélèvement | P57: (BQ1) Banque Populaire Selarl
A58: 1908399 | B58: 1908399 | C58: 43731 | D58: Thommen Medical (JMD) - 2943 | E58: 230.77 | J58: =IF(ISNUMBER(E58),E58+F58+G58+H58+I58," ") -> 230.77 | K58: 43761 | L58: =IF(ISBLANK(C58)," ",IF(ISNUMBER(M58),"Réglé",IF(K58<TODAY(),"Retard",IF(K58=TODAY()," A régler","en attente")))) -> Réglé | M58: 43794 | N58: =IF(ISBLANK(M58),TODAY()-K58,0) -> 0 | O58: Prélèvement | P58: (BQ1) Banque Populaire Selarl
A59: 1908406 | B59: 1908406 | C59: 43731 | D59: Thommen Medical (AMS) - 3614 | E59: 461.54 | J59: =IF(ISNUMBER(E59),E59+F59+G59+H59+I59," ") -> 461.54 | K59: 43762 | L59: =IF(ISBLANK(C59)," ",IF(ISNUMBER(M59),"Réglé",IF(K59<TODAY(),"Retard",IF(K59=TODAY()," A régler","en attente")))) -> Réglé | M59: 43794 | N59: =IF(ISBLANK(M59),TODAY()-K59,0) -> 0 | O59: Prélèvement | P59: (BQ1) Banque Populaire Selarl
A60: 1908506 | B60: 1908506 | C60: 43732 | D60: Thommen Medical (SL) - 3613 | E60: 132.48 | J60: =IF(ISNUMBER(E60),E60+F60+G60+H60+I60," ") -> 132.48 | K60: 43762 | L60: =IF(ISBLANK(C60)," ",IF(ISNUMBER(M60),"Réglé",IF(K60<TODAY(),"Retard",IF(K60=TODAY()," A régler","en attente")))) -> Réglé | M60: 43794 | N60: =IF(ISBLANK(M60),TODAY()-K60,0) -> 0 | O60: Prélèvement | P60: (BQ1) Banque Populaire Selarl
A61: 1908507 | B61: 1908507 | C61: 43732 | D61: Thommen Medical (JMD) - 2942 | E61: 132.48 | J61: =IF(ISNUMBER(E61),E61+F61+G61+H61+I61," ") -> 132.48 | K61: 43762 | L61: =IF(ISBLANK(C61)," ",IF(ISNUMBER(M61),"Réglé",IF(K61<TODAY(),"Retard",IF(K61=TODAY()," A régler","en attente")))) -> Réglé | M61: 43794 | N61: =IF(ISBLANK(M61),TODAY()-K61,0) -> 0 | O61: Prélèvement | P61: (BQ1) Banque Populaire Selarl
A62: 1908508 | B62: 1908508 | C62: 43732 | D62: Thommen Medical (AMS) - 3614 | E62: 66.24 | J62: =IF(ISNUMBER(E62),E62+F62+G62+H62+I62," ") -> 66.24 | K62: 43763 | L62: =IF(ISBLANK(C62)," ",IF(ISNUMBER(M62),"Réglé",IF(K62<TODAY(),"Retard",IF(K62=TODAY()," A régler","en attente")))) -> Réglé | M62: 43794 | N62: =IF(ISBLANK(M62),TODAY()-K62,0) -> 0 | O62: Prélèvement | P62: (BQ1) Banque Populaire Selarl
A63: FAC19361 | B63: 201909124 | C63: 43735 | D63: Hygisud Médical (DRU330) | E63: 522.9 | J63: =IF(ISNUMBER(E63),E63+F63+G63+H63+I63," ") -> 522.9 | K63: 43765 | L63: =IF(ISBLANK(C63)," ",IF(ISNUMBER(M63),"Réglé",IF(K63<TODAY(),"Retard",IF(K63=TODAY()," A régler","en attente")))) -> Réglé | M63: 43806 | N63: =IF(ISBLANK(M63),TODAY()-K63,0) -> 0 | O63: Virement | P63: (BQ5) Crédit Agricole La Teste
A64: 1908663 | B64: 1908663 | C64: 43735 | D64: Thommen Medical (JMD) - 2942 | E64: 230.77 | J64: =IF(ISNUMBER(E64),E64+F64+G64+H64+I64," ") -> 230.77 | K64: 43766 | L64: =IF(ISBLANK(C64)," ",IF(ISNUMBER(M64),"Réglé",IF(K64<TODAY(),"Retard",IF(K64=TODAY()," A régler","en attente")))) -> Réglé | M64: 43794 | N64: =IF(ISBLANK(M64),TODAY()-K64,0) -> 0 | O64: Prélèvement | P64: (BQ1) Banque Populaire Selarl
A65: 5153517 | B65: 201910138 | C65: 43768 | D65: IRSN (82061) | E65: 908.26 | J65: =IF(ISNUMBER(E65),E65+F65+G65+H65+I65," ") -> 908.26 | K65: 43768 | L65: =IF(ISBLANK(C65)," ",IF(ISNUMBER(M65),"Réglé",IF(K65<TODAY(),"Retard",IF(K65=TODAY()," A régler","en attente")))) -> Réglé | M65: 43806 | N65: =IF(ISBLANK(M65),TODAY()-K65,0) -> 0 | O65: Virement | P65: (BQ5) Crédit Agricole La Teste
A66: 20190450 | B66: 201910114 | C66: 43769 | D66: Tridon Valérie (APPOL) | E66: 1114.17 | J66: =IF(ISNUMBER(E66),E66+F66+G66+H66+I66," ") -> 1114.17 | K66: 43769 | L66: =IF(ISBLANK(C66)," ",IF(ISNUMBER(M66),"Réglé",IF(K66<TODAY(),"Retard",IF(K66=TODAY()," A régler","en attente")))) -> Réglé | M66: 43806 | N66: =IF(ISBLANK(M66),TODAY()-K66,0) -> 0 | O66: Prélevement | P66: (BQ5) Crédit Agricole La Teste
A67: 20191674 | B67: 201910115 | C67: 43769 | D67: Innovortho-France | E67: 322.3 | J67: =IF(ISNUMBER(E67),E67+F67+G67+H67+I67," ") -> 322.3 | K67: 43769 | L67: =IF(ISBLANK(C67)," ",IF(ISNUMBER(M67),"Réglé",IF(K67<TODAY(),"Retard",IF(K67=TODAY()," A régler","en attente")))) -> Réglé | M67: 43806 | N67: =IF(ISBLANK(M67),TODAY()-K67,0) -> 0 | O67: Virement | P67: (BQ5) Crédit Agricole La Teste
A68: SP092019 | B68: 201909137 | C68: 43738 | D68: JAUREGUI Michel (SP) | E68: 4773.43 | J68: =IF(ISNUMBER(E68),E68+F68+G68+H68+I68," ") -> 4773.43 | K68: 43769 | L68: =IF(ISBLANK(C68)," ",IF(ISNUMBER(M68),"Réglé",IF(K68<TODAY(),"Retard",IF(K68=TODAY()," A régler","en attente")))) -> Réglé | M68: 43801 | N68: =IF(ISBLANK(M68),TODAY()-K68,0) -> 0 | O68: Virement | P68: (BQ5) Crédit Agricole La Teste
A69: 5013419 | B69: 20191092 | C69: 43759 | D69: Stoma | E69: 711.36 | J69: =IF(ISNUMBER(E69),E69+F69+G69+H69+I69," ") -> 711.36 | K69: 43769 | L69: =IF(ISBLANK(C69)," ",IF(ISNUMBER(M69),"Réglé",IF(K69<TODAY(),"Retard",IF(K69=TODAY()," A régler","en attente")))) -> Réglé | M69: 43806 | N69: =IF(ISBLANK(M69),TODAY()-K69,0) -> 0 | O69: Virement | P69: (BQ5) Crédit Agricole La Teste
A70: 1595360 | B70: 20191021 | C70: 43740 | D70: Henry Schein France (53178) | E70: 584.55 | J70: =IF(ISNUMBER(E70),E70+F70+G70+H70+I70," ") -> 584.55 | K70: 43770 | L70: =IF(ISBLANK(C70)," ",IF(ISNUMBER(M70),"Réglé",IF(K70<TODAY(),"Retard",IF(K70=TODAY()," A régler","en attente")))) -> Réglé | M70: 43806 | N70: =IF(ISBLANK(M70),TODAY()-K70,0) -> 0 | O70: Virement | P70: (BQ5) Crédit Agricole La Teste
A71: 2200278768 | B71: 201910108 | C71: 43761 | D71: Promodentaire (701 181 41) | E71: 615.87 | J71: =IF(ISNUMBER(E71),E71+F71+G71+H71+I71," ") -> 615.87 | K71: 43771 | L71: =IF(ISBLANK(C71)," ",IF(ISNUMBER(M71),"Réglé",IF(K71<TODAY(),"Retard",IF(K71=TODAY()," A régler","en attente")))) -> Réglé | M71: 43811 | N71: =IF(ISBLANK(M71),TODAY()-K71,0) -> 0 | O71: Virement | P71: (BQ4) Crédit Agricole Sanguinet
A72: 1909702 | B72: 20191097 | C72: 43766 | D72: Thommen Medical (AMS) - 3614 | E72: 2307.7 | J72: =IF(ISNUMBER(E72),E72+F72+G72+H72+I72," ") -> 2307.7 | K72: 43771 | L72: =IF(ISBLANK(C72)," ",IF(ISNUMBER(M72),"Réglé",IF(K72<TODAY(),"Retard",IF(K72=TODAY()," A régler","en attente")))) -> Réglé | M72: 43796 | N72: =IF(ISBLANK(M72),TODAY()-K72,0) -> 0 | O72: Prélèvement | P72: (BQ1) Banque Populaire Selarl
A73: 2200278956 | B73: 201910112 | C73: 43762 | D73: Promodentaire (701 181 41) | E73: 206.7 | J73: =IF(ISNUMBER(E73),E73+F73+G73+H73+I73," ") -> 206.7 | K73: 43772 | L73: =IF(ISBLANK(C73)," ",IF(ISNUMBER(M73),"Réglé",IF(K73<TODAY(),"Retard",IF(K73=TODAY()," A régler","en attente")))) -> Réglé | M73: 43806 | N73: =IF(ISBLANK(M73),TODAY()-K73,0) -> 0 | O73: Virement | P73: (BQ5) Crédit Agricole La Teste
A74: 2200279069 | B74: 201910107 | C74: 43763 | D74: Promodentaire (701 181 41) | E74: 108.8 | J74: =IF(ISNUMBER(E74),E74+F74+G74+H74+I74," ") -> 108.8 | K74: 43773 | L74: =IF(ISBLANK(C74)," ",IF(ISNUMBER(M74),"Réglé",IF(K74<TODAY(),"Retard",IF(K74=TODAY()," A régler","en attente")))) -> Réglé | M74: 43806 | N74: =IF(ISBLANK(M74),TODAY()-K74,0) -> 0 | O74: Virement | P74: (BQ5) Crédit Agricole La Teste
A75: 121996 | B75: 20191199 | C75: 43773 | D75: AlphaBio Tec | E75: -742.47 | J75: =IF(ISNUMBER(E75),E75+F75+G75+H75+I75," ") -> -742.47 | K75: 43773 | L75: =IF(ISBLANK(C75)," ",IF(ISNUMBER(M75),"Réglé",IF(K75<TODAY(),"Retard",IF(K75=TODAY()," A régler","en attente")))) -> Réglé | M75: 43805 | N75: =IF(ISBLANK(M75),TODAY()-K75,0) -> 0 | O75: Avoir | P75: Avoir | Q75: Avoir déduit de la facture 120386 du 03/10/2019 (201910144)
A76: 2200279309 | B76: 201910111 | C76: 43764 | D76: Promodentaire (701 181 41) | E76: 54.4 | J76: =IF(ISNUMBER(E76),E76+F76+G76+H76+I76," ") -> 54.4 | K76: 43774 | L76: =IF(ISBLANK(C76)," ",IF(ISNUMBER(M76),"Réglé",IF(K76<TODAY(),"Retard",IF(K76=TODAY()," A régler","en attente")))) -> Réglé | M76: 43806 | N76: =IF(ISBLANK(M76),TODAY()-K76,0) -> 0 | O76: Virement | P76: (BQ5) Crédit Agricole La Teste
A77: 2200279318 | B77: 201910117 | C77: 43766 | D77: Promodentaire (701 181 41) | E77: 753.65 | J77: =IF(ISNUMBER(E77),E77+F77+G77+H77+I77," ") -> 753.65 | K77: 43776 | L77: =IF(ISBLANK(C77)," ",IF(ISNUMBER(M77),"Réglé",IF(K77<TODAY(),"Retard",IF(K77=TODAY()," A régler","en attente")))) -> Réglé | M77: 43811 | N77: =IF(ISBLANK(M77),TODAY()-K77,0) -> 0 | O77: Virement | P77: (BQ4) Crédit Agricole Sanguinet
A78: 20192076 | B78: 20191119 | C78: 43776 | D78: Surf On Line | E78: 306.65 | J78: =IF(ISNUMBER(E78),E78+F78+G78+H78+I78," ") -> 306.65 | K78: 43776 | L78: =IF(ISBLANK(C78)," ",IF(ISNUMBER(M78),"Réglé",IF(K78<TODAY(),"Retard",IF(K78=TODAY()," A régler","en attente")))) -> Réglé | M78: 43776 | N78: =IF(ISBLANK(M78),TODAY()-K78,0) -> 0 | O78: Avoir | P78: Avoir Partiel
A79: 1603462 | B79: 20191036 | C79: 43747 | D79: Henry Schein France (53178) | E79: 214.47 | J79: =IF(ISNUMBER(E79),E79+F79+G79+H79+I79," ") -> 214.47 | K79: 43777 | L79: =IF(ISBLANK(C79)," ",IF(ISNUMBER(M79),"Réglé",IF(K79<TODAY(),"Retard",IF(K79=TODAY()," A régler","en attente")))) -> Réglé | M79: 43806 | N79: =IF(ISBLANK(M79),TODAY()-K79,0) -> 0 | O79: Virement | P79: (BQ5) Crédit Agricole La Teste
A80: FAC19381 | B80: 20191041 | C80: 43749 | D80: Hygisud Médical (DRU330) | E80: 547.15 | J80: =IF(ISNUMBER(E80),E80+F80+G80+H80+I80," ") -> 547.15 | K80: 43779 | L80: =IF(ISBLANK(C80)," ",IF(ISNUMBER(M80),"Réglé",IF(K80<TODAY(),"Retard",IF(K80=TODAY()," A régler","en attente")))) -> Réglé | M80: 43811 | N80: =IF(ISBLANK(M80),TODAY()-K80,0) -> 0 | O80: Virement | P80: (BQ4) Crédit Agricole Sanguinet
A81: A11819-01284 | B81: 201910132 | C81: 43769 | D81: Corus - LSO | E81: 503.6 | J81: =IF(ISNUMBER(E81),E81+F81+G81+H81+I81," ") -> 503.6 | K81: 43784 | L81: =IF(ISBLANK(C81)," ",IF(ISNUMBER(M81),"Réglé",IF(K81<TODAY(),"Retard",IF(K81=TODAY()," A régler","en attente")))) -> Réglé | M81: 43811 | N81: =IF(ISBLANK(M81),TODAY()-K81,0) -> 0 | O81: Virement | P81: (BQ4) Crédit Agricole Sanguinet
A82: 1909339 | B82: 20191057 | C82: 43754 | D82: Thommen Medical (AMS) - 3614 | E82: 1846.16 | J82: =IF(ISNUMBER(E82),E82+F82+G82+H82+I82," ") -> 1846.16 | K82: 43784 | L82: =IF(ISBLANK(C82)," ",IF(ISNUMBER(M82),"Réglé",IF(K82<TODAY(),"Retard",IF(K82=TODAY()," A régler","en attente")))) -> Réglé | M82: 43816 | N82: =IF(ISBLANK(M82),TODAY()-K82,0) -> 0 | O82: Prélèvement | P82: (BQ1) Banque Populaire Selarl | Q82: Prélèvement le 17/12/2019 suite rejet 1er prélèvement du 20/11
A83: FAC19387 | B83: 20191074 | C83: 43756 | D83: Hygisud Médical (DRU330) | E83: 522.9 | J83: =IF(ISNUMBER(E83),E83+F83+G83+H83+I83," ") -> 522.9 | K83: 43786 | L83: =IF(ISBLANK(C83)," ",IF(ISNUMBER(M83),"Réglé",IF(K83<TODAY(),"Retard",IF(K83=TODAY()," A régler","en attente")))) -> Réglé | M83: 43811 | N83: =IF(ISBLANK(M83),TODAY()-K83,0) -> 0 | O83: Virement | P83: (BQ4) Crédit Agricole Sanguinet
A84: 2200281865 | B84: 20191144 | C84: 43776 | D84: Promodentaire (701 181 41) | E84: 1184.72 | J84: =IF(ISNUMBER(E84),E84+F84+G84+H84+I84," ") -> 1184.72 | K84: 43786 | L84: =IF(ISBLANK(C84)," ",IF(ISNUMBER(M84),"Réglé",IF(K84<TODAY(),"Retard",IF(K84=TODAY()," A régler","en attente")))) -> Réglé | M84: 43811 | N84: =IF(ISBLANK(M84),TODAY()-K84,0) -> 0 | O84: Virement | P84: (BQ4) Crédit Agricole Sanguinet
A85: 1910010 | B85: 1910010 | C85: 43775 | D85: Thommen Medical (AMS) - 3614 | E85: 198.72 | J85: =IF(ISNUMBER(E85),E85+F85+G85+H85+I85," ") -> 198.72 | K85: 43786 | L85: =IF(ISBLANK(C85)," ",IF(ISNUMBER(M85),"Réglé",IF(K85<TODAY(),"Retard",IF(K85=TODAY()," A régler","en attente")))) -> Réglé | M85: 43805 | N85: =IF(ISBLANK(M85),TODAY()-K85,0) -> 0 | O85: Prélèvement | P85: (BQ1) Banque Populaire Selarl
A86: VK/19069952 | B86: 201910116 | C86: 43769 | D86: Komet (561354) | E86: 285.78 | J86: =IF(ISNUMBER(E86),E86+F86+G86+H86+I86," ") -> 285.78 | K86: 43789 | L86: =IF(ISBLANK(C86)," ",IF(ISNUMBER(M86),"Réglé",IF(K86<TODAY(),"Retard",IF(K86=TODAY()," A régler","en attente")))) -> Réglé | M86: 43811 | N86: =IF(ISBLANK(M86),TODAY()-K86,0) -> 0 | O86: Virement | P86: (BQ4) Crédit Agricole Sanguinet
A87: 1617929 | B87: 20191088 | C87: 43760 | D87: Henry Schein France (53178) | E87: 378.95 | J87: =IF(ISNUMBER(E87),E87+F87+G87+H87+I87," ") -> 378.95 | K87: 43790 | L87: =IF(ISBLANK(C87)," ",IF(ISNUMBER(M87),"Réglé",IF(K87<TODAY(),"Retard",IF(K87=TODAY()," A régler","en attente")))) -> Réglé | M87: 43811 | N87: =IF(ISBLANK(M87),TODAY()-K87,0) -> 0 | O87: Virement | P87: (BQ4) Crédit Agricole Sanguinet
A88: 809745 | B88: 20191151 | C88: 43781 | D88: Pred Laboratoires (C2000477) | E88: 1117 | J88: =IF(ISNUMBER(E88),E88+F88+G88+H88+I88," ") -> 1117 | K88: 43791 | L88: =IF(ISBLANK(C88)," ",IF(ISNUMBER(M88),"Réglé",IF(K88<TODAY(),"Retard",IF(K88=TODAY()," A régler","en attente")))) -> Réglé | M88: 43811 | N88: =IF(ISBLANK(M88),TODAY()-K88,0) -> 0 | O88: Virement | P88: (BQ4) Crédit Agricole Sanguinet
A89: F02248 | B89: 20191178 | C89: 43791 | D89: SDMC | E89: 482.71 | J89: =IF(ISNUMBER(E89),E89+F89+G89+H89+I89," ") -> 482.71 | K89: 43791 | L89: =IF(ISBLANK(C89)," ",IF(ISNUMBER(M89),"Réglé",IF(K89<TODAY(),"Retard",IF(K89=TODAY()," A régler","en attente")))) -> Réglé | M89: 43781 | N89: =IF(ISBLANK(M89),TODAY()-K89,0) -> 0 | O89: Virement | P89: (BQ4) Crédit Agricole Sanguinet
A90: 1909439 | B90: 1909439 | C90: 43756 | D90: Thommen Medical (JMD) - 2942 | E90: 3676.41 | J90: =IF(ISNUMBER(E90),E90+F90+G90+H90+I90," ") -> 3676.41 | K90: 43791 | L90: =IF(ISBLANK(C90)," ",IF(ISNUMBER(M90),"Réglé",IF(K90<TODAY(),"Retard",IF(K90=TODAY()," A régler","en attente")))) -> Réglé | M90: 43816 | N90: =IF(ISBLANK(M90),TODAY()-K90,0) -> 0 | O90: Prélèvement | P90: (BQ1) Banque Populaire Selarl | Q90: Prélèvement le 17/12/2019 suite rejet 1er prélèvement du 20/11
A91: 1909593 | B91: 1909593 | C91: 43761 | D91: Thommen Medical (SP) - 3615 | E91: 66.24 | J91: =IF(ISNUMBER(E91),E91+F91+G91+H91+I91," ") -> 66.24 | K91: 43791 | L91: =IF(ISBLANK(C91)," ",IF(ISNUMBER(M91),"Réglé",IF(K91<TODAY(),"Retard",IF(K91=TODAY()," A régler","en attente")))) -> Réglé | M91: 43791 | N91: =IF(ISBLANK(M91),TODAY()-K91,0) -> 0 | O91: Prélèvement | P91: (BQ1) Banque Populaire Selarl
A92: 1909592 | B92: 1909592 | C92: 43761 | D92: Thommen Medical (SL) - 3613 | E92: 132.48 | J92: =IF(ISNUMBER(E92),E92+F92+G92+H92+I92," ") -> 132.48 | K92: 43791 | L92: =IF(ISBLANK(C92)," ",IF(ISNUMBER(M92),"Réglé",IF(K92<TODAY(),"Retard",IF(K92=TODAY()," A régler","en attente")))) -> Réglé | M92: 43791 | N92: =IF(ISBLANK(M92),TODAY()-K92,0) -> 0 | O92: Prélèvement | P92: (BQ1) Banque Populaire Selarl
A93: 2011125037 | B93: 201910106 | C93: 43762 | D93: Nobel Biocare (716732) | E93: 180.6 | J93: =IF(ISNUMBER(E93),E93+F93+G93+H93+I93," ") -> 180.6 | K93: 43792 | L93: =IF(ISBLANK(C93)," ",IF(ISNUMBER(M93),"Réglé",IF(K93<TODAY(),"Retard",IF(K93=TODAY()," A régler","en attente")))) -> Réglé | M93: 43811 | N93: =IF(ISBLANK(M93),TODAY()-K93,0) -> 0 | O93: Virement | P93: (BQ4) Crédit Agricole Sanguinet
A94: 2200283094 | B94: 20191157 | C94: 43782 | D94: Promodentaire (701 181 41) | E94: 679.48 | J94: =IF(ISNUMBER(E94),E94+F94+G94+H94+I94," ") -> 679.48 | K94: 43792 | L94: =IF(ISBLANK(C94)," ",IF(ISNUMBER(M94),"Réglé",IF(K94<TODAY(),"Retard",IF(K94=TODAY()," A régler","en attente")))) -> Réglé | M94: 43811 | N94: =IF(ISBLANK(M94),TODAY()-K94,0) -> 0 | O94: Virement | P94: (BQ4) Crédit Agricole Sanguinet
A95: 1909598 | B95: 1909598 | C95: 43761 | D95: Thommen Medical (JMD) - 2942 | E95: 2076.93 | J95: =IF(ISNUMBER(E95),E95+F95+G95+H95+I95," ") -> 2076.93 | K95: 43792 | L95: =IF(ISBLANK(C95)," ",IF(ISNUMBER(M95),"Réglé",IF(K95<TODAY(),"Retard",IF(K95=TODAY()," A régler","en attente")))) -> Réglé | M95: 43791 | N95: =IF(ISBLANK(M95),TODAY()-K95,0) -> 0 | O95: Prélèvement | P95: (BQ1) Banque Populaire Selarl
A96: 1909647 | B96: 1909647 | C96: 43762 | D96: Thommen Medical (SL) - 3613 | E96: 66.24 | J96: =IF(ISNUMBER(E96),E96+F96+G96+H96+I96," ") -> 66.24 | K96: 43793 | L96: =IF(ISBLANK(C96)," ",IF(ISNUMBER(M96),"Réglé",IF(K96<TODAY(),"Retard",IF(K96=TODAY()," A régler","en attente")))) -> Réglé | M96: 43794 | N96: =IF(ISBLANK(M96),TODAY()-K96,0) -> 0 | O96: Prélèvement | P96: (BQ1) Banque Populaire Selarl
A97: 2019-218 | B97: 20191185 | C97: 43770 | D97: XLR Parachutisme | E97: 1000 | J97: =IF(ISNUMBER(E97),E97+F97+G97+H97+I97," ") -> 1000 | K97: 43797 | L97: =IF(ISBLANK(C97)," ",IF(ISNUMBER(M97),"Réglé",IF(K97<TODAY(),"Retard",IF(K97=TODAY()," A régler","en attente")))) -> Réglé | M97: 43797 | N97: =IF(ISBLANK(M97),TODAY()-K97,0) -> 0 | O97: Prélevement | P97: (BQ5) Crédit Agricole La Teste
A98: 20191776 | B98: 20191168 | C98: 43784 | D98: Innovortho-France | E98: 22 | J98: =IF(ISNUMBER(E98),E98+F98+G98+H98+I98," ") -> 22 | K98: 43799 | L98: =IF(ISBLANK(C98)," ",IF(ISNUMBER(M98),"Réglé",IF(K98<TODAY(),"Retard",IF(K98=TODAY()," A régler","en attente")))) -> Réglé | M98: 43811 | N98: =IF(ISBLANK(M98),TODAY()-K98,0) -> 0 | O98: Virement | P98: (BQ4) Crédit Agricole Sanguinet
A99: JMD102019 | B99: 201910139 | C99: 43769 | D99: JAUREGUI Michel (JMD) | E99: 7625.2 | J99: =IF(ISNUMBER(E99),E99+F99+G99+H99+I99," ") -> 7625.2 | K99: 43799 | L99: =IF(ISBLANK(C99)," ",IF(ISNUMBER(M99),"Réglé",IF(K99<TODAY(),"Retard",IF(K99=TODAY()," A régler","en attente")))) -> Réglé | M99: 43811 | N99: =IF(ISBLANK(M99),TODAY()-K99,0) -> 0 | O99: Virement | P99: (BQ4) Crédit Agricole Sanguinet
A100: SP102019 | B100: 201910140 | C100: 43769 | D100: JAUREGUI Michel (SP) | E100: 3751.15 | J100: =IF(ISNUMBER(E100),E100+F100+G100+H100+I100," ") -> 3751.15 | K100: 43799 | L100: =IF(ISBLANK(C100)," ",IF(ISNUMBER(M100),"Réglé",IF(K100<TODAY(),"Retard",IF(K100=TODAY()," A régler","en attente")))) -> Réglé | M100: 43806 | N100: =IF(ISBLANK(M100),TODAY()-K100,0) -> 0 | O100: Virement | P100: (BQ5) Crédit Agricole La Teste
...

Sheet Echeanciers
C1: 1 | D1: =C1+1 -> 2 | E1: =D1+1 -> 3 | F1: =E1+1 -> 4 | G1: =F1+1 -> 5 | H1: =G1+1 -> 6 | I1: =H1+1 -> 7 | J1: =I1+1 -> 8 | K1: =J1+1 -> 9 | ... N1: =M1+1 -> 12 | O1: 1
A2: 2019 | B2: TOTAL | C2: =VALUE("1/"&C$1&"/"&$A2) -> 43466 | D2: =VALUE("1/"&D$1&"/"&$A2) -> 43497 | E2: =VALUE("1/"&E$1&"/"&$A2) -> 43525 | F2: =VALUE("1/"&F$1&"/"&$A2) -> 43556 | G2: =VALUE("1/"&G$1&"/"&$A2) -> 43586 | H2: =VALUE("1/"&H$1&"/"&$A2) -> 43617 | I2: =VALUE("1/"&I$1&"/"&$A2) -> 43647 | J2: =VALUE("1/"&J$1&"/"&$A2) -> 43678 | ... N2: =VALUE("1/"&N$1&"/"&$A2) -> 43800 | O2: =VALUE("1/"&O$1&"/"&$A8) -> 43831
A3: Total règlement factures du mois | B3: =SUM(C3:N3) -> 88121.26 | C3: =SUMIFS(Factures!$J:$J,Factures!$M:$M,">=01/01/2019",Factures!$M:$M,"<01/02/2019") -> 0 | D3: =SUMIFS(Factures!$J:$J,Factures!$M:$M,">=01/02/2019",Factures!$M:$M,"<01/03/2019") -> 159.72 | E3: =SUMIFS(Factures!$J:$J,Factures!$M:$M,">=01/03/2019",Factures!$M:$M,"<01/04/2019") -> 0 | F3: =SUMIFS(Factures!$J:$J,Factures!$M:$M,">=01/04/2019",Factures!$M:$M,"<01/05/2019") -> 0 | G3: =SUMIFS(Factures!$J:$J,Factures!$M:$M,">=01/05/2019",Factures!$M:$M,"<01/06/2019") -> 0 | H3: =SUMIFS(Factures!$J:$J,Factures!$M:$M,">=01/06/2019",Factures!$M:$M,"<01/07/2019") -> 0 | I3: =SUMIFS(Factures!$J:$J,Factures!$M:$M,">=01/07/2019",Factures!$M:$M,"<01/08/2019") -> 0 | J3: =SUMIFS(Factures!$J:$J,Factures!$M:$M,">=01/08/2019",Factures!$M:$M,"<01/09/2019") -> 0 | K3: =SUMIFS(Factures!$J:$J,Factures!$M:$M,">=01/09/2019",Factures!$M:$M,"<01/10/2019") -> 0 | L3: =SUMIFS(Factures!$J:$J,Factures!$M:$M,">=01/10/2019",Factures!$M:$M,"<01/11/2019") -> 0 | M3: =SUMIFS(Factures!$J:$J,Factures!$M:$M,">=01/11/2019",Factures!$M:$M,"<01/12/2019") -> 8451.78 | N3: =SUMIFS(Factures!J:J,Factures!M:M,">=01/12/2019",Factures!M:M,"<01/01/2020") -> 79509.76
A4: Dont Factures payées à échéance respectée | B4: =SUM(C4:N4) -> 85887.63 | C4: =SUMIFS(Montant,Date_,">="&C2,Date_,"<"&D2,Etat,"Réglé") -> 0 | D4: =SUMIFS(Montant,Date_,">="&D2,Date_,"<"&E2,Etat,"Réglé") -> 0 | E4: =SUMIFS(Montant,Date_,">="&E2,Date_,"<"&F2,Etat,"Réglé") -> 0 | F4: =SUMIFS(Montant,Date_,">="&F2,Date_,"<"&G2,Etat,"Réglé") -> 0 | G4: =SUMIFS(Montant,Date_,">="&G2,Date_,"<"&H2,Etat,"Réglé") -> 0 | H4: =SUMIFS(Montant,Date_,">="&H2,Date_,"<"&I2,Etat,"Réglé") -> 0 | I4: =SUMIFS(Montant,Date_,">="&I2,Date_,"<"&J2,Etat,"Réglé") -> 0 | J4: =SUMIFS(Montant,Date_,">="&J2,Date_,"<"&K2,Etat,"Réglé") -> 0 | ... N4: =SUMIFS(Montant,Date_,">="&N2,Date_,"<"&O2,Etat,"Réglé") -> 31695.84
A5: Factures non payées et en retard de règlement (Échéance dépassée) | B5: =SUM(C5:N5) -> 32085.94 | C5: =SUMIFS(Montant,Date_,">="&C2,Date_,"<"&D2,Etat,"Retard") -> 0 | D5: =SUMIFS(Montant,Date_,">="&D2,Date_,"<"&E2,Etat,"Retard") -> 0 | E5: =SUMIFS(Montant,Date_,">="&E2,Date_,"<"&F2,Etat,"Retard") -> 0 | F5: =SUMIFS(Montant,Date_,">="&F2,Date_,"<"&G2,Etat,"Retard") -> 0 | G5: =SUMIFS(Montant,Date_,">="&G2,Date_,"<"&H2,Etat,"Retard") -> 0 | H5: =SUMIFS(Montant,Date_,">="&H2,Date_,"<"&I2,Etat,"Retard") -> 0 | I5: =SUMIFS(Montant,Date_,">="&I2,Date_,"<"&J2,Etat,"Retard") -> 0 | J5: =SUMIFS(Montant,Date_,">="&J2,Date_,"<"&K2,Etat,"Retard") -> -126.88 | ... N5: =SUMIFS(Montant,Date_,">="&N2,Date_,"<"&O2,Etat,"Retard") -> 21663.28
A6: Factures en attente de règlement (Echance non atteinte) | B6: =SUM(C6:N6) -> 0 | C6: =SUMIFS(Montant,Date_,">="&C2,Date_,"<"&D2,Etat,"en attente") -> 0 | D6: =SUMIFS(Montant,Date_,">="&D2,Date_,"<"&E2,Etat,"en attente") -> 0 | E6: =SUMIFS(Montant,Date_,">="&E2,Date_,"<"&F2,Etat,"en attente") -> 0 | F6: =SUMIFS(Montant,Date_,">="&F2,Date_,"<"&G2,Etat,"en attente") -> 0 | G6: =SUMIFS(Montant,Date_,">="&G2,Date_,"<"&H2,Etat,"en attente") -> 0 | H6: =SUMIFS(Montant,Date_,">="&H2,Date_,"<"&I2,Etat,"en attente") -> 0 | I6: =SUMIFS(Montant,Date_,">="&I2,Date_,"<"&J2,Etat,"en attente") -> 0 | J6: =SUMIFS(Montant,Date_,">="&J2,Date_,"<"&K2,Etat,"en attente") -> 0 | ... N6: =SUMIFS(Montant,Date_,">="&N2,Date_,"<"&O2,Etat,"en attente") -> 0
A8: 2020 | B8: TOTAL | C8: =VALUE("1/"&C$1&"/"&$A8) -> 43831 | D8: =VALUE("1/"&D$1&"/"&$A8) -> 43862 | E8: =VALUE("1/"&E$1&"/"&$A8) -> 43891 | F8: =VALUE("1/"&F$1&"/"&$A8) -> 43922 | G8: =VALUE("1/"&G$1&"/"&$A8) -> 43952 | H8: =VALUE("1/"&H$1&"/"&$A8) -> 43983 | I8: =VALUE("1/"&I$1&"/"&$A8) -> 44013 | J8: =VALUE("1/"&J$1&"/"&$A8) -> 44044 | ... N8: =VALUE("1/"&N$1&"/"&$A8) -> 44166 | O8: =VALUE("1/"&O$1&"/"&$A14) -> 44197
A9: Total règlement factures du mois | B9: =SUM(C9:N9) -> 0 | C9: =SUMIFS(Factures!$J:$J,Factures!$M:$M,">=01/01/2020",Factures!$M:$M,"<01/02/2020") -> 0 | D9: =SUMIFS(Factures!$J:$J,Factures!$M:$M,">=01/02/2020",Factures!$M:$M,"<01/03/2020") -> 0 | E9: =SUMIFS(Factures!$J:$J,Factures!$M:$M,">=01/03/2020",Factures!$M:$M,"<01/04/2020") -> 0 | F9: =SUMIFS(Factures!$J:$J,Factures!$M:$M,">=01/04/2020",Factures!$M:$M,"<01/05/2020") -> 0 | G9: =SUMIFS(Factures!$J:$J,Factures!$M:$M,">=01/05/2020",Factures!$M:$M,"<01/06/2020") -> 0 | H9: =SUMIFS(Factures!$J:$J,Factures!$M:$M,">=01/06/2020",Factures!$M:$M,"<01/07/2020") -> 0 | I9: =SUMIFS(Factures!$J:$J,Factures!$M:$M,">=01/07/2020",Factures!$M:$M,"<01/08/2020") -> 0 | J9: =SUMIFS(Factures!$J:$J,Factures!$M:$M,">=01/08/2020",Factures!$M:$M,"<01/09/2020") -> 0 | K9: =SUMIFS(Factures!$J:$J,Factures!$M:$M,">=01/09/2020",Factures!$M:$M,"<01/10/2020") -> 0 | L9: =SUMIFS(Factures!$J:$J,Factures!$M:$M,">=01/10/2020",Factures!$M:$M,"<01/11/2020") -> 0 | M9: =SUMIFS(Factures!$J:$J,Factures!$M:$M,">=01/11/2020",Factures!$M:$M,"<01/12/2020") -> 0 | N9: =SUMIFS(Factures!J:J,Factures!M:M,">=01/12/2020",Factures!M:M,"<01/01/2021") -> 0
A10: Dont Factures payées à échéance respectée | B10: =SUM(C10:N10) -> 2233.63 | C10: =SUMIFS(Montant,Date_,">="&C8,Date_,"<"&D8,Etat,"Réglé") -> 2233.63 | D10: =SUMIFS(Montant,Date_,">="&D8,Date_,"<"&E8,Etat,"Réglé") -> 0 | E10: =SUMIFS(Montant,Date_,">="&E8,Date_,"<"&F8,Etat,"Réglé") -> 0 | F10: =SUMIFS(Montant,Date_,">="&F8,Date_,"<"&G8,Etat,"Réglé") -> 0 | G10: =SUMIFS(Montant,Date_,">="&G8,Date_,"<"&H8,Etat,"Réglé") -> 0 | H10: =SUMIFS(Montant,Date_,">="&H8,Date_,"<"&I8,Etat,"Réglé") -> 0 | I10: =SUMIFS(Montant,Date_,">="&I8,Date_,"<"&J8,Etat,"Réglé") -> 0 | J10: =SUMIFS(Montant,Date_,">="&J8,Date_,"<"&K8,Etat,"Réglé") -> 0 | ... N10: =SUMIFS(Montant,Date_,">="&N8,Date_,"<"&O8,Etat,"Réglé") -> 0
A11: Factures non payées et en retard de règlement (Échéance dépassée) | B11: =SUM(C11:N11) -> 0 | C11: =SUMIFS(Montant,Date_,">="&C8,Date_,"<"&D8,Etat,"Retard") -> 0 | D11: =SUMIFS(Montant,Date_,">="&D8,Date_,"<"&E8,Etat,"Retard") -> 0 | E11: =SUMIFS(Montant,Date_,">="&E8,Date_,"<"&F8,Etat,"Retard") -> 0 | F11: =SUMIFS(Montant,Date_,">="&F8,Date_,"<"&G8,Etat,"Retard") -> 0 | G11: =SUMIFS(Montant,Date_,">="&G8,Date_,"<"&H8,Etat,"Retard") -> 0 | H11: =SUMIFS(Montant,Date_,">="&H8,Date_,"<"&I8,Etat,"Retard") -> 0 | I11: =SUMIFS(Montant,Date_,">="&I8,Date_,"<"&J8,Etat,"Retard") -> 0 | J11: =SUMIFS(Montant,Date_,">="&J8,Date_,"<"&K8,Etat,"Retard") -> 0 | ... N11: =SUMIFS(Montant,Date_,">="&N8,Date_,"<"&O8,Etat,"Retard") -> 0
A12: Factures en attente de règlement (Echance non atteinte) | B12: =SUM(C12:N12) -> 47363.95 | C12: =SUMIFS(Montant,Date_,">="&C8,Date_,"<"&D8,Etat,"en attente") -> 45363.95 | D12: =SUMIFS(Montant,Date_,">="&D8,Date_,"<"&E8,Etat,"en attente") -> 1000 | E12: =SUMIFS(Montant,Date_,">="&E8,Date_,"<"&F8,Etat,"en attente") -> 1000 | F12: =SUMIFS(Montant,Date_,">="&F8,Date_,"<"&G8,Etat,"en attente") -> 0 | G12: =SUMIFS(Montant,Date_,">="&G8,Date_,"<"&H8,Etat,"en attente") -> 0 | H12: =SUMIFS(Montant,Date_,">="&H8,Date_,"<"&I8,Etat,"en attente") -> 0 | I12: =SUMIFS(Montant,Date_,">="&I8,Date_,"<"&J8,Etat,"en attente") -> 0 | J12: =SUMIFS(Montant,Date_,">="&J8,Date_,"<"&K8,Etat,"en attente") -> 0 | ... N12: =SUMIFS(Montant,Date_,">="&N8,Date_,"<"&O8,Etat,"en attente") -> 0
A14: 2021 | B14: TOTAL | C14: =VALUE("1/"&C$1&"/"&$A14) -> 44197 | D14: =VALUE("1/"&D$1&"/"&$A14) -> 44228 | E14: =VALUE("1/"&E$1&"/"&$A14) -> 44256 | F14: =VALUE("1/"&F$1&"/"&$A14) -> 44287 | G14: =VALUE("1/"&G$1&"/"&$A14) -> 44317 | H14: =VALUE("1/"&H$1&"/"&$A14) -> 44348 | I14: =VALUE("1/"&I$1&"/"&$A14) -> 44378 | J14: =VALUE("1/"&J$1&"/"&$A14) -> 44409 | ... N14: =VALUE("1/"&N$1&"/"&$A14) -> 44531 | O14: =VALUE("1/"&O$1&"/"&$A20) -> 44197
A15: Total règlement factures du mois | B15: =SUM(C15:N15) -> 0 | C15: =SUMIFS(Factures!$J:$J,Factures!$M:$M,">=01/01/2021",Factures!$M:$M,"<01/02/2021") -> 0 | D15: =SUMIFS(Factures!$J:$J,Factures!$M:$M,">=01/02/2021",Factures!$M:$M,"<01/03/2021") -> 0 | E15: =SUMIFS(Factures!$J:$J,Factures!$M:$M,">=01/03/2021",Factures!$M:$M,"<01/04/2021") -> 0 | F15: =SUMIFS(Factures!$J:$J,Factures!$M:$M,">=01/04/2021",Factures!$M:$M,"<01/05/2021") -> 0 | G15: =SUMIFS(Factures!$J:$J,Factures!$M:$M,">=01/05/2021",Factures!$M:$M,"<01/06/2021") -> 0 | H15: =SUMIFS(Factures!$J:$J,Factures!$M:$M,">=01/06/2021",Factures!$M:$M,"<01/07/2021") -> 0 | I15: =SUMIFS(Factures!$J:$J,Factures!$M:$M,">=01/07/2021",Factures!$M:$M,"<01/08/2021") -> 0 | J15: =SUMIFS(Factures!$J:$J,Factures!$M:$M,">=01/08/2021",Factures!$M:$M,"<01/09/2021") -> 0 | K15: =SUMIFS(Factures!$J:$J,Factures!$M:$M,">=01/09/2021",Factures!$M:$M,"<01/10/2021") -> 0 | L15: =SUMIFS(Factures!$J:$J,Factures!$M:$M,">=01/10/2021",Factures!$M:$M,"<01/11/2021") -> 0 | M15: =SUMIFS(Factures!$J:$J,Factures!$M:$M,">=01/11/2021",Factures!$M:$M,"<01/12/2021") -> 0 | N15: =SUMIFS(Factures!J:J,Factures!M:M,">=01/12/2021",Factures!M:M,"<01/01/2022") -> 0
A16: Dont Factures payées à échéance respectée | B16: =SUM(C16:N16) -> 0 | C16: =SUMIFS(Montant,Date_,">="&C14,Date_,"<"&D14,Etat,"Réglé") -> 0 | D16: =SUMIFS(Montant,Date_,">="&D14,Date_,"<"&E14,Etat,"Réglé") -> 0 | E16: =SUMIFS(Montant,Date_,">="&E14,Date_,"<"&F14,Etat,"Réglé") -> 0 | F16: =SUMIFS(Montant,Date_,">="&F14,Date_,"<"&G14,Etat,"Réglé") -> 0 | G16: =SUMIFS(Montant,Date_,">="&G14,Date_,"<"&H14,Etat,"Réglé") -> 0 | H16: =SUMIFS(Montant,Date_,">="&H14,Date_,"<"&I14,Etat,"Réglé") -> 0 | I16: =SUMIFS(Montant,Date_,">="&I14,Date_,"<"&J14,Etat,"Réglé") -> 0 | J16: =SUMIFS(Montant,Date_,">="&J14,Date_,"<"&K14,Etat,"Réglé") -> 0 | ... N16: =SUMIFS(Montant,Date_,">="&N14,Date_,"<"&O14,Etat,"Réglé") -> 0
A17: Factures non payées et en retard de règlement (Échéance dépassée) | B17: =SUM(C17:N17) -> 0 | C17: =SUMIFS(Montant,Date_,">="&C14,Date_,"<"&D14,Etat,"Retard") -> 0 | D17: =SUMIFS(Montant,Date_,">="&D14,Date_,"<"&E14,Etat,"Retard") -> 0 | E17: =SUMIFS(Montant,Date_,">="&E14,Date_,"<"&F14,Etat,"Retard") -> 0 | F17: =SUMIFS(Montant,Date_,">="&F14,Date_,"<"&G14,Etat,"Retard") -> 0 | G17: =SUMIFS(Montant,Date_,">="&G14,Date_,"<"&H14,Etat,"Retard") -> 0 | H17: =SUMIFS(Montant,Date_,">="&H14,Date_,"<"&I14,Etat,"Retard") -> 0 | I17: =SUMIFS(Montant,Date_,">="&I14,Date_,"<"&J14,Etat,"Retard") -> 0 | J17: =SUMIFS(Montant,Date_,">="&J14,Date_,"<"&K14,Etat,"Retard") -> 0 | ... N17: =SUMIFS(Montant,Date_,">="&N14,Date_,"<"&O14,Etat,"Retard") -> 0
A18: Factures en attente de règlement (Echance non atteinte) | B18: =SUM(C18:N18) -> 0 | C18: =SUMIFS(Montant,Date_,">="&C14,Date_,"<"&D14,Etat,"en attente") -> 0 | D18: =SUMIFS(Montant,Date_,">="&D14,Date_,"<"&E14,Etat,"en attente") -> 0 | E18: =SUMIFS(Montant,Date_,">="&E14,Date_,"<"&F14,Etat,"en attente") -> 0 | F18: =SUMIFS(Montant,Date_,">="&F14,Date_,"<"&G14,Etat,"en attente") -> 0 | G18: =SUMIFS(Montant,Date_,">="&G14,Date_,"<"&H14,Etat,"en attente") -> 0 | H18: =SUMIFS(Montant,Date_,">="&H14,Date_,"<"&I14,Etat,"en attente") -> 0 | I18: =SUMIFS(Montant,Date_,">="&I14,Date_,"<"&J14,Etat,"en attente") -> 0 | J18: =SUMIFS(Montant,Date_,">="&J14,Date_,"<"&K14,Etat,"en attente") -> 0 | ... N18: =SUMIFS(Montant,Date_,">="&N14,Date_,"<"&O14,Etat,"en attente") -> 0
A20: 2021
A21: Ne pas effacer

Sheet Coordonnées FRN
A1: NOM du Fournisseur | B1: Code Client | C1: Mode de Paiement | D1: Conditions Rglt | E1: Adresse | F1: Code Postal | G1: Ville | H1: Téléphone | I1: Site internet | J1: Email | K1: Email Comptabilité | L1: Banque | M1: IBAN | N1: BIC
A2: ACADEMIE D'ART DENTAIRE | B2: A003177 | C2: Virement bancaire | D2: A réception | E2: 75 Rue Chevalier | F2: 33000 | G2: BORDEAUX | H2: 05 56 98 25 09 | M2: FR76 1780 7008 0603 2217 4956 195 | N2: CCBPFRPPTLS
A3: BISICO | B3: CU010409 | C3: A réception | E3: 208 Allée de la Coudoulette | F3: 13680 | G3: LANCON DE PROVENCE | H3: 04 90 42 92 92 | J3: svce.commercial@bisico.fr | L3: Société Générale | M3: FR76 30003 00024 00020100636 59 | N3: SOGEFRPP
A4: CAFES TCHANQUES | C4: J + 30 | E4: 26 Rue des Maraîchers | F4: 33260 | G4: LA TESTE DE BUCH | H4: 05 56 54 14 52 | J4: contact@cafes-tchanque.fr | L4: Crédit Agricole | M4: FR76 1330 6003 4623 0873 8024 685 | N4: AGRIFRPP833
A5: CORUS LSO | C5: Virement bancaire | D5: J + 15 | E5: 26 Avenue du Domaine de Vialle | F5: 33270 | G5: BOULIAC | H5: 05 56 96 74 80 | I5: www.corusdental.com
A6: DEXTER | B6: 882670 | C6: Virement bancaire | D6: J + 5 | E6: 111, Rue Henri Barbusse - CS 60157 | F6: 95105 | G6: ARGENTEUIL | H6: 01 34 34 38 10 | I6: www.dexter.fr | J6: service.clients@dexter.fr | L6: Le Crédit Lyonnais | M6: FR04 3000 2056 8800 0007 0148 B47 | N6: CRLYFRPP
A7: EDENT'X | B7: 1539 CB | C7: Virement bancaire | D7: A réception | E7: Beaume d'Estellan | F7: 84480 | G7: BONNIEUX | H7: 04 90 75 61 84
A8: FRANKEL | B8: 1328901 | C8: Virement bancaire | D8: J + 60 | E8: 137, Avenue René Morin CS 72039 | F8: 91424 | G8: MORANGIS Cedex | H8: 0825 35 85 85 | I8: www.frankel.fr | L8: La Banque Postale | M8: FR33 2004 1000 0119 3023 8R2 097 | N8: PSSTFRPPPAR
A9: GABA LABORATOIRES (Colgate PalmoliveSAS) | B9: GA33056121 | C9: Virement bancaire | D9: J + 30 | E9: 9-11 Rue du Débarcadère | F9: 92700 | G9: COLOMBES | H9: 01 47 68 60 00 | L9: Citibank International | M9: FR76 1168 9007 0000 6554 6202 345
A10: HENRY SCHEIN France | B10: 53178 | C10: Virement bancaire | D10: J + 30 | E10: 4 Rue de Charenton | F10: 94140 | G10: ALFORTVILLE Cedex | H10: 02 47 68 68 23 | I10: www.henryschein.fr | J10: cabinet.dentaire@henryschein.fr | L10: Hsbc France | M10: FR76 3005 6002 3502 3520 0041 852 | N10: CCFRFRPP
A11: HYGISUD MEDICAL | B11: DRU330 | C11: Virement bancaire | D11: J + 30 | E11: 55 Chemin des Mûriers | F11: 30210 | G11: CABRIERES | H11: 04 66 28 09 71 | I11: www.hygisudmedical.com | J11: hygisud.medical@9online.fr | M11: FR76 1350 6100 0007 0332 7300 222
A12: HYPER BURO | B12: A00869 | C12: Virement bancaire | D12: J + 30 | E12: 38 Chemin De La Hutte | F12: 33520 | G12: BRUGES | H12: 05 56 69 39 00 | J12: contact@abibordeaux.fr | L12: Credit Coopératif | M12: FR76 4255 9100 0008 0010 2488 960 | N12: CCOPFRPPXXX
A13: INNOVORTHO France | C13: Virement bancaire | D13: J + 15 | E13: 6 Rue du Parc de l' Aubépin BP 40013 | F13: 41355 | G13: SAINT GERVAIS LA FORET | H13: 02 54 50 07 68 | M13: FR69 3000 2086 4700 0011 7192 U15
A14: IRSN | B14: 82061 | C14: Virement bancaire | D14: A réception | E14: BP 17 | F14: 78294 | G14: CROISSY SUR SEINE Cedex | H14: 01 30 15 52 22 | K14: dosimetrie@irsn.fr | M14: FR76 1007 1750 0000 0010 0054 885 | N14: TRPUFRP1XXX
A15: JAUREGUI MICHEL | C15: Virement bancaire | D15: J + 30 | E15: 55 Impasse du Bosquet | F15: 33260 | G15: LA TESTE DE BUCH
A16: KIKOPIKI | C16: Virement bancaire | D16: A réception | E16: 10 Rue Dr Aristide Ichard | F16: 33260 | G16: LA TESTE DE BUCH | H16: 05 56 54 22 11 | I16: www.kikopiki.com | J16: jerome@kikopiki.com
A17: KOMET | B17: 561354 | C17: Virement bancaire | D17: J + 20 | E17: BP 10726 | F17: 75827 | G17: PARIS Cedex 17 | H17: 01 43 48 80 17 | I17: www.komet.fr | K17: creditclient@komet.fr | L17: Caisse d'Epargne | M17: FR76 1751 5900 0008 1724 2874 191 | N17: CEPAFRPP751
A18: LA COMPAGNIE FIDUCIAIRE | B18: 93000111 | C18: Prélèvement bancaire | D18: J + 55 | E18: 371, Avenue du Parc des Expositions | F18: 33260 | G18: LA TESTE DE BUCH | H18: 05 56 22 36 36 | I18: www.compagnie-fiduciaire.com | J18: cf-latesteàcompagnie-fiduciaire.com
A19: LE NECTAR TRAITEUR | B19: CLT00000375 | C19: Virement bancaire | D19: J + 7 | E19: 20, Rue Marcelin Berthelot | F19: 33270 | G19: FLOIRAC | H19: 05 56 32 15 30 | J19: sebastien.fougere@lenectar.fr | L19: Société Générale | M19: FR76 3000 3003 7000 0200 0418 415 | N19: SOGEFRPP
A20: MAKE IT SIMPLE | B20: F022998 | C20: Virement bancaire | D20: J + 30 | E20: 41 Rue Aristide Briand - CS 50045 | F20: 92309 | G20: LEVALLOIS PERRET Cedex | H20: 01 78 14 13 00 | I20: www.misimplants.fr | J20: infos@mis-implants.fr
A21: NOBEL BIOCARE | B21: 716732 | C21: Virement bancaire | D21: J + 30 | E21: Immeuble Cap de Seine - 3ème étage 45-47 Bld Paul Vaillant Couturier | F21: 94200 | G21: IVRY-SUR-SEINE | H21: 01 49 60 46 00 | I21: www.nobelbiocare.fr | J21: order.france@nobelbiocare.com | L21: Deutsche Bank AG Paris | M21: FR76 1778 9000 0110 5117 8900 067 | N21: DEUTFRPP
A22: ORTHOPLUS | B22: 117450 | C22: Virement bancaire | D22: A réception | E22: 28, Rue Ampère - BP 28 | F22: 91430 | G22: IGNY | H22: 01 69 41 90 28 | I22: www.orthoplus.fr | J22: orthoplus@orthoplus.fr | L22: Bnp Paribas IDF | M22: FR76 3000 4006 8400 0100 6858 330 | N22: BNPAFRPPICP
A23: PHARMACIE ST-EXUPERY | C23: virement bancaire | D23: A réception | E23: 2 Rue Louis Gaume | F23: 33260 | G23: LA TESTE DE BUCH | H23: 05 56 66 41 64 | J23: pharmaciesaintexupery33@orange.fr
A24: PRAXIS L'INSTRUMENTISTE | B24: 33046 | C24: Virement bancaire | D24: A réception | E24: 61, Rue du Maréchal Foch | F24: 77220 | G24: TOURNAN EN BRIE | H24: 01 64 07 64 07 | I24: www.praxisinstruments.fr | J24: contact@praxisinstruments.fr | M24: FR76 1870 6000 0022 6362 5000 056 | N24: AGRIFRPP887
A25: PRED LABORATOIRES | B25: C2000477 | C25: Virement bancaire | D25: J + 10 | E25: 79 Avenue Aristide Briand - Bat 6 sur Parvis | F25: 94118 | G25: ARCUEIL CEDEX | H25: 01 41 98 34 00 | I25: www.pred.fr | J25: info.pred.fr | L25: Société Générale | M25: FR76 3000 3038 7700 0207 0411 838 | N25: SOGEFRPP
A26: PROMODENTAIRE | B26: 70118141 | C26: Virement bancaire | D26: J + 10 | E26: 2 bis Chemin du Loup | F26: 93297 | G26: TREMBLAY-EN-France-Cedex | H26: 01 49 63 65 15 | I26: www.promodentaire.com | M26: FR29 2004 1000 0123 0810 0K02 040
A27: PROSERVE DASRI | B27: G211U12834 | C27: Virement bancaire | D27: J + 15 | E27: 14 Route de Saligney | F27: 39700 | G27: SERMANGE | H27: 05 57 64 15 40 | K27: advso@proserve-dasri.com | M27: FR76 3000 3033 9100 0200 2547 937 | N27: SOGEFRPP
A28: RMO Europe | B28: C10265 | C28: Virement bancaire | D28: j + 8 | E28: B.P. 20334 - 300, Rue Geller de Kaysersberg | F28: 67411 | G28: ILLKIRCH Cedex | H28: 03 88 40 67 40 | J28: info@rmoeurope.com | L28: Bnp Paribas | M28: FR76 3000 4004 8500 0102 8151 554
A29: ROUZES Océan | C29: Virement bancaire | D29: J + 30 | E29: 178, Avenue Jean Mer | F29: 33320 | G29: EYSINES | H29: 05 56 34 02 43 | J29: rouzes.oocean@cloison.fr | L29: Banque Populaire | M29: FR76 1780 7000 7735 3210 4456 651 | N29: CCBPFRPPTLS
A30: SDMC | C30: Virement bancaire | D30: A réception | E30: 104, Rue de La Pallue | F30: 16100 | G30: COGNAC | H30: 09 80 38 59 76 | I30: www.sdmc.fr | J30: info@sdmc.fr | L30: Société Générale | M30: FR76 3000 3006 6000 0270 0222 311 | N30: SOGEFRPP
A31: STOMA | B31: 613929 | C31: Virement bancaire | D31: J + 10 | E31: 204, Avenue de Colmar | F31: 67100 | G31: STRASBOURG | H31: 03 88 65 75 08 | I31: www.stoma.de | J31: export@stoma.de | L31: Banque Populaire | M31: FR76 1470 7000 1008 7210 0564 629 | N31: CCBPFRPPMTZ
A32: SURF ON LINE | C32: Virement bancaire | D32: A réception | E32: 320, Avenue du Parc des Expositions | F32: 33260 | G32: LA TESTE DE BUCH | H32: 06 56 54 55 45 | J32: contact@surfonline.fr | M32: FR71 3000 2018 3100 0007 3126 M81 | N32: CRLYFRPP
A33: THOMMEN MEDICAL | B33: 3614 | C33: Prélèvement bancaire | D33: J + 30 | E33: 10, Avenue Gabriel Pierne | F33: 77680 | G33: ROISSY-EN-BRIE | H33: 01 83 64 06 35 | L33: CCM | M33: FR76 1027 8030 0000 0206 0924 541 | N33: CMCIFR2A
A34: TRIDON VALERIE | B34: APPOL | C34: Virement bancaire | D34: A réception | E34: 5 Rue Guynemer | F34: 33320 | G34: EYSINES | H34: 05 56 57 79 40

Sheet Paramètres
A1: Choisir Banque | B1: Fournisseurs | C1: Choisir Mode de Rglt
A2: Avoir | B2: Alféor | C2: Avoir
A3: Avoir Partiel | B3: AlphaBio Tec | C3: Avoir Partiel
A4: (BQ) Banque Populaire Labo | B4: Bisico (CU010409) | C4: Chèque
A5: (BQ1) Banque Populaire Selarl | B5: Corus - LSO | C5: Autre (Voir obs.)
A6: (512) BNP Paribas | B6: Edent'X (1539 CB) | C6: Prélèvement
A7: (BQ5) Crédit Agricole La Teste | B7: Dexter (882670) | C7: Virement
A8: (BQ4) Crédit Agricole Sanguinet | B8: Frankel (1329801)
B9: Gaba Laboratoires (GA33056121)
B10: Henry Schein France (53178)
B11: Hygisud Médical (DRU330)
B12: Innovortho-France
B13: IRSN (82061)
B14: JAUREGUI Michel (AMS)
B15: JAUREGUI Michel (HDB)
B16: JAUREGUI Michel (JMD)
B17: JAUREGUI Michel (SL)
B18: JAUREGUI Michel (SP)
B19: Komet (561354)
B20: Make It Simple (F022998)
... B39: XLR Parachutisme
